 Dungeon Crawl Stone Soup version 0.23-a0-386-g9c9d49f (webtiles) character file.

98 Azzok the Ruffian (level 4, 0/27 HPs)
             Began as a Gargoyle Transmuter on Oct 28, 2018.
             Slain by a worker ant (6 damage)
             ... on level 4 of the Dungeon.
             The game lasted 00:05:03 (3459 turns).

Azzok the Ruffian (Gargoyle Transmuter)             Turns: 3459, Time: 00:05:03

Health: 0/27       AC:  5    Str: 13    XL:     4   Next: 71%
Magic:  6/7        EV: 12    Int: 15    God:
Gold:   130        SH:  0    Dex: 10    Spells: 1/7 levels left

rFire    . . .     SeeInvis .     - Unarmed
rCold    . . .     Gourm    .   (no shield)
rNeg     + . .     Faith    .   b - +0 robe
rPois    ∞         Spirit   .   (no helmet)
rElec    +         Reflect  .   (no cloak)
rCorr    .         Harm     .   (no gloves)
MR       .....                  (no boots)
Stlth    ++........             (no amulet)
HPRegen  0.09/turn              o - ring of stealth
MPRegen  0.10/turn              (no ring)

@: appendage
A: horns 2, negative energy resistance 1, electricity resistance, unbreathing,
petrification resistance, rot immunity, AC +3
a: End Transformation


You were on level 4 of the Dungeon.
You were not hungry.
You had grown temporary horns.
You visited 1 branch of the dungeon, and saw 4 of its levels.

You collected 130 gold pieces.

Inventory:

Missiles
 a - 55 arrows
Armour
 b - a +0 robe (worn)
Jewellery
 o - a ring of stealth (left hand)
Wands
 m - a wand of disintegration (14)
Scrolls
 c - 7 scrolls of identify {unknown}
 e - a scroll of magic mapping {unknown}
 g - a scroll of random uselessness {unknown}
 j - a scroll of immolation {unknown}
 k - 3 scrolls of amnesia {unknown}
Potions
 f - 2 potions of might {unknown}
 h - 3 potions of curing {unknown}
 i - a potion of brilliance {unknown}
 l - a potion of mutation {unknown}
Comestibles
 d - 8 rations
 n - 5 chunks of flesh


   Skills:
 + Level 2.8 Fighting
 - Level 1.5 Dodging
 + Level 3.8 Unarmed Combat
 - Level 2.0 Spellcasting
 + Level 2.6 Transmutations


You had one spell level left.
You knew the following spells:

 Your Spells              Type           Power        Failure   Level  Hunger
a - Beastly Appendage     Tmut           #.....       8%          1    #......
c - Spider Form           Tmut/Pois      #.........   36%         3    ###....
g - Sticks to Snakes      Tmut           #.......     12%         2    ###....

Your spell library contained the following spells:

 Spells                   Type           Power        Failure   Level  Hunger
 Ice Form                 Ice/Tmut       #.......     78%         4    #####..
 Blade Hands              Tmut           #.........   91%         5    ######.


Dungeon Overview and Level Annotations

Branches:
Dungeon (4/15)
 Temple: D:4-7

Altars:
Cheibriados
Gozag
Makhleb
Ru
Trog
Wu Jian


Innate Abilities, Weirdness & Mutations

You are resistant to torment.
Your stone body is resilient. (AC +3)
You are immune to poison.
You resist negative energy. (rN+)
You are resistant to electric shocks. (rElec)
You can survive without breathing.
You are immune to petrification.
You are immune to rotting.
You have a pair of horns on your head.


Message History

You barely miss the worker ant.
The worker ant is moderately wounded.
The jackal bites you but does no damage.
The worker ant bites you.
You hit the worker ant but do no damage.
Your headbutt misses the worker ant.
The worker ant is moderately wounded.
The jackal bites you but does no damage.
The worker ant barely misses you.
You barely miss the worker ant.
The worker ant is moderately wounded.
The jackal bites you. The worker ant misses you. The jackal misses you.
You hit the worker ant.
The worker ant is moderately wounded.
The jackal bites you. The worker ant bites you.
* * * LOW HITPOINT WARNING * * *
You hit the worker ant. You headbutt the worker ant.
The worker ant is severely wounded.
The jackal closely misses you. The worker ant bites you.
You die...

╬·· ▒··
·▒▒··▒▒▒▒▒▒
··········▒
··········▒
··········▒
▒·····h·▒
▒@·▒ ▒a·▒
····▒
▒····▒
▒▒··▒▒ ▒▒▒▒


You could see a worker ant and a jackal.

Vanquished Creatures
  2 adders
  A worm (D:2)
  5 leopard geckos
  3 orcs
  3 giant cockroaches
  3 hobgoblins
  15 jackals
  3 quokkas
  2 ball pythons (D:2)
  9 bats
  4 frilled lizards
  2 goblins (D:2)
  A jackal skeleton (D:4)
  3 kobolds (D:2)
  10 rats
66 creatures vanquished.

Notes
Turn   | Place    | Note
-------+----------+-------------------------------------------
     0 | D:1      | Azzok the Gargoyle Transmuter began the quest for the Orb.
     0 | D:1      | Reached XP level 1. HP: 12/12 MP: 3/3
   469 | D:1      | Reached XP level 2. HP: 15/16 MP: 5/5
   843 | D:1      | Learned a level 2 spell: Sticks to Snakes
  1078 | D:2      | Reached XP level 3. HP: 17/21 MP: 6/6
  1889 | D:2      | Found a burning altar of Makhleb.
  1948 | D:2      | Found a snail-covered altar of Cheibriados.
  2060 | D:2      | Reached XP level 4. HP: 26/27 MP: 7/7
  2070 | D:2      | Found a bloodstained altar of Trog.
  2297 | D:2      | Found an ornate altar of the Wu Jian Council.
  2513 | D:3      | Learned a level 3 spell: Spider Form
  2523 | D:3      | Found a sacrificial altar of Ru.
  2571 | D:3      | Found an opulent altar of Gozag.
  3459 | D:4      | Slain by a worker ant

Vault maps used:
D:1:      psy_arrival_radial02, chequers_hall_statues_corner_a, minivault_25
D:2:      nicolae_overflow_crystal_walls, lemuel_coloured_pillars_altar,
          nicolae_overflow_hidden_temple, first_ration, trog_butcher_becter
D:3:      old_standard_altar, supply_closet_lemuel, roderic_roman_lattice,
          kennysheep_donut, nicolae_ru_awakened_eye

Skill      XL: |  1  2 |
---------------+-------+-----
Transmutations | 2 |  2.6
Fighting       | 2 |  2.8
Dodging        | |  1.5
Unarmed Combat | |  3.8
Spellcasting   | |  2.0

Action                   |  1- 3 |  4- 6 || total
-------------------------+-------+-------++-------
Melee: Unarmed           |   164 |   114 ||   278
       Headbutt          |       |     2 ||     2
 Cast: Beastly Appendage |       |     1 ||     1
 Stab: Sleeping          |     1 |     1 ||     2
  Eat: Chunk             |     4 |     4 ||     8
Armor: Robe              |    49 |    39 ||    88
Dodge: Dodged            |    98 |    87 ||   185

Table legend:
 A = Non-vault XP
 B = Vault XP
 C = Vault XP percentage of total XP
 D = Non-vault monster count
 E = Vault monster count
 F = Vault count percentage of total count
                 A         B        C        D         E       F
            +---------+---------+-------+---------+---------+-------
      Total |     129 |      12 |   8.5 |      62 |       4 |   6.1
            +---------+---------+-------+---------+---------+-------
        D:1 |      29 |       0 |   0.0 |      18 |       0 |   0.0
        D:2 |      59 |      12 |  16.9 |      27 |       4 |  12.9
        D:3 |      40 |       0 |   0.0 |      16 |       0 |   0.0
        D:4 |       1 |       0 |   0.0 |       1 |       0 |   0.0
            +---------+---------+-------+---------+---------+-------
